 Dungeon Crawl Stone Soup version 0.18.1-50-g88ac8fd (webtiles) character file.

608 Mesmaeker13 the Conjurer (level 7, -1/40 HPs)
             Began as a Deep Elf Conjurer on Oct 23, 2016.
             Slain by Pikel
             ... wielding a +0 whip of freezing
              (4 damage)
             ... on level 4 of the Dungeon.
             The game lasted 00:11:02 (5763 turns).

Mesmaeker13 the Conjurer (Deep Elf Conjurer)        Turns: 5763, Time: 00:11:03

Health: -1/40      AC:  4    Str:  7    XL:     7   Next: 19%
Magic:  13/25      EV: 13    Int: 20    God:
Gold:   184        SH:  4    Dex: 15    Spells: 3 memorised, 10 levels left

rFire  . . .     SeeInvis +     m - +2 quarterstaff (chaos)
rCold  . . .     Gourm    .     a - +0 robe
rNeg   . . .     Faith    .     (shield currently unavailable)
rPois  .         Spirit   .     (no helmet)
rElec  .         Dismiss  .     n - +0 cloak
rCorr  .         Reflect  +     (no gloves)
SustAt .         Harm     .     w - +0 pair of boots
MR     .....                    p - +4 amulet of reflection
Stlth  ++........               o - ring of see invisible
                                h - ring of magical power

@: not resistant to hostile enchantments, unstealthy
A: no striking features
a: no special abilities


You were on level 4 of the Dungeon.
You were hungry.

You visited 1 branch of the dungeon, and saw 4 of its levels.

You collected 184 gold pieces.

Inventory:

Hand Weapons
 m - a +2 quarterstaff of chaos (weapon)
 z - a cursed -2 dagger
Armour
 a - a +0 robe (worn)
 n - a +0 cloak (worn)
 w - a +0 pair of boots (worn)
 E - a +0 helmet
Jewellery
 h - a ring of magical power (left hand)
 o - a ring of see invisible (right hand)
 p - a +4 amulet of reflection (around neck)
Wands
 t - a wand of lightning (0/15)
Scrolls
 i - a scroll of blinking
 j - a scroll of enchant weapon
 q - 2 scrolls of random uselessness
 s - a scroll of remove curse {unknown}
 y - a scroll of immolation {unknown}
 C - a scroll of magic mapping {unknown}
 D - a scroll of teleportation
Potions
 k - a potion of heal wounds
 r - 2 potions of curing
 u - a potion of ambrosia {unknown}
 v - a potion of cancellation
Books
 b - a book of Conjurations

   Spells                             Type                      Level
   a - Magic Dart                     Conjuration                  1
   b - Searing Ray                    Conjuration                  2
   c - Dazzling Spray                 Conjuration/Hexes            3
   d - Fulminant Prism                Conjuration/Hexes            4
   e - Iskenderun's Mystic Blast      Conjuration                  4
   f - Iskenderun's Battlesphere      Conjuration/Charms           5
Comestibles
 c - 2 bread rations
 d - a slice of pizza
 l - 2 meat rations
 A - a beef jerky


   Skills:
 + Level 2.6 Fighting
 - Level 2.4 Dodging
 - Level 2.4 Stealth
 - Level 5.3 Spellcasting
 + Level 6.9 Conjurations
 + Level 4.3 Hexes


You had 10 spell levels left.
You knew the following spells:

 Your Spells              Type           Power        Failure   Level  Hunger
a - Magic Dart            Conj           ####         1%          1    None
b - Searing Ray           Conj           ####..       1%          2    None
c - Dazzling Spray        Conj/Hex       ####..       4%          3    ##.....


Dungeon Overview and Level Annotations

Branches:
Dungeon (4/15)
 Temple: D:4-7

Altars:
Gozag
Vehumet

Shops:
D:4 %

Annotations:
D:4 Eustachio; Monkfish's ghost, amateur KoBe; Pikel


Message History

* * * LOW HITPOINT WARNING * * *
Casting: Dazzling Spray
Confirm with . or Enter, or press ? or * to list all spells.
Aiming: Dazzling Spray
Press: ? - help, Shift-Dir - straight line, f/p - Pikel
Aim: Pikel, wielding a whip of freezing and wearing a robe (heavily wounded, slightly transparent, blind, lightly drained)
The spray of energy hits Pikel.
Pikel is severely wounded.
Pikel is dazzled.
Pikel barely misses you.
Casting: Dazzling Spray
Confirm with . or Enter, or press ? or * to list all spells.
Aiming: Searing Ray
Press: ? - help, Shift-Dir - straight line, f/p - Pikel
Aim: Pikel, wielding a whip of freezing and wearing a robe (severely wounded, slightly transparent, blind, lightly drained)
The searing ray hits Pikel.
Pikel is almost dead.
Pikel hits you with a whip of freezing!
* * * LOW HITPOINT WARNING * * *
Pikel freezes you.
You die...

... .. ..
########.####
##.....#.....#
##.............
#.....K........
#......@.......
#........).....
#.............$
#..............
#..............
##.............
##...?.#.....#
#....########


You could see Pikel (blind).

Vanquished Creatures
  Grinder (D:3)
  Sigmund (D:3)
  4 slaves (D:3)
  Crazy Yiuf (D:2)
  8 gnolls
  2 adders
  3 oozes (D:2)
  3 worms
  2 dart slugs
  A giant gecko (D:3)
  5 orcs (D:3)
  A ball python (D:2)
  4 bats
  5 giant cockroaches
  7 goblins
  12 hobgoblins
  6 jackals
  4 quokkas
  4 giant newts
  7 kobolds
  11 rats
92 creatures vanquished.

Notes
Turn   | Place    | Note
--------------------------------------------------------------
     0 | D:1      | Mesmaeker13 the Deep Elf Conjurer began the quest for the Orb.
     0 | D:1      | Reached XP level 1. HP: 10/10 MP: 6/6
   707 | D:1      | Reached XP level 2. HP: 15/15 MP: 8/8
  1637 | D:1      | Reached skill level 5 in Conjurations
  1637 | D:1      | Reached XP level 3. HP: 14/19 MP: 10/10
  2020 | D:2      | Learned a level 2 spell: Searing Ray
  2115 | D:2      | Found an opulent altar of Gozag.
  2204 | D:2      | Noticed Crazy Yiuf
  2215 | D:2      | Killed Crazy Yiuf
  2215 | D:2      | Reached XP level 4. HP: 24/24 MP: 12/12
  2809 | D:2      | Reached skill level 5 in Spellcasting
  3003 | D:2      | Learned a level 3 spell: Dazzling Spray
  3072 | D:2      | Reached XP level 5. HP: 28/28 MP: 14/14
  3198 | D:2      | Reached skill level 1 in Hexes
  3542 | D:3      | Reached skill level 1 in Fighting
  3708 | D:3      | Noticed Grinder
  3715 | D:3      | Killed Grinder
  3715 | D:3      | Reached skill level 6 in Conjurations
  3715 | D:3      | Reached XP level 6. HP: 35/35 MP: 15/15
  4045 | D:3      | Noticed Sigmund
  4079 | D:3      | Killed Sigmund
  4079 | D:3      | Reached XP level 7. HP: 27/40 MP: 15/16
  4413 | D:3      | Found a radiant altar of Vehumet.
  4652 | D:3      | Gained mutation: Your body sometimes deteriorates upon taking damage. [potion of mutation]
  4652 | D:3      | Gained mutation: You have a pair of small horns on your head. [potion of mutation]
  4652 | D:3      | Gained mutation: You are occasionally teleported next to monsters. [potion of mutation]
  4653 | D:3      | Gained mutation: You possess an exceptional clarity of mind. [potion of mutation]
  4653 | D:3      | Gained mutation: You are sometimes teleported next to monsters. [potion of mutation]
  4653 | D:3      | Gained mutation: Your system is resistant to poisons. [potion of mutation]
  4966 | D:4      | Found Teoffom's Food Emporium.
  4966 | D:4      | Noticed Eustachio
  4966 | D:4      | Noticed Monkfish's ghost (amateur KoBe)
  5025 | D:4      | Noticed Pikel
  5254 | D:3      | Lost mutation: Your system is resistant to poisons. [potion of cure mutation]
  5254 | D:3      | Lost mutation: You possess an exceptional clarity of mind. [potion of cure mutation]
  5254 | D:3      | Lost mutation: Your body sometimes deteriorates upon taking damage. [potion of cure mutation]
  5705 | D:3      | Lost mutation: You have a pair of small horns on your head. [potion of cure mutation]
  5705 | D:3      | Lost mutation: You are sometimes teleported next to monsters. [potion of cure mutation]
  5705 | D:3      | Lost mutation: You are occasionally teleported next to monsters. [potion of cure mutation]
  5763 | D:4      | Slain by Pikel

Skill      XL: |  1  2  3  4  5  6 |
---------------+-------------------+-----
Spellcasting   | 4 5 |  5.3
Conjurations   | 5 6 |  6.9
Hexes          | 3 4 |  4.3
Fighting       | 2 |  2.6
Dodging        | |  2.4
Stealth        | |  2.4

Action                   |  1- 3 |  4- 6 |  7- 9 || total
-------------------------+-------+-------+-------++-------
Melee: Club              |     1 |       |       ||     1
       Dagger            |    17 |       |       ||    17
       Quarterstaff      |       |    35 |    33 ||    68
       Headbutt          |       |       |     3 ||     3
 Cast: Magic Dart        |    45 |    29 |     7 ||    81
       Searing Ray       |     1 |    15 |     7 ||    23
       Dazzling Spray    |       |       |     6 ||     6
Evoke: Wand              |       |     3 |       ||     3
  Use: Scroll            |       |       |     9 ||     9
       Potion            |       |       |     4 ||     4
 Stab: Sleeping          |     2 |     3 |     1 ||     6
       Distracted        |       |     1 |       ||     1
  Eat: Chunk             |     3 |     6 |     5 ||    14
Armor: Robe              |     3 |     9 |     6 ||    18
Dodge: Dodged            |    18 |    27 |    31 ||    76
Block: Other             |       |       |     6 ||     6
